AoeStats
← [CL] Al3jandr0.magn00

Socotra

504630395Analyzed
4v4 RM · 25d ago on Sep 6, 2026· 52m 38s· 8 players
Game mode
Random Map
Map size
148×148
Population
200
Speed
Normal
Resources
Standard
Victory
Conquest
Starting age
Dark Age
Ending age
Imperial Age
RankedLock teamsTeams togetherTeam positionsShared explorationLock speedFull tech treeHidden civsTurbo modeCheats
Victory
Defeat
🇲🇽 Khitans · Mexico
1596
+15
1549
+17
🇨🇴 Berbers · Colombia
1518
+18
🇲🇽 Malay · Mexico
1504
+19
🇦🇷 Bohemians · Argentina
1687
-21
🇨🇱 Sicilians · Chile
1585
-18
🇦🇷 Bengalis · Argentina
1537
-16
🇦🇷 Maya · Argentina
1488
-14
__127_Monchito008_Arg
0:28 Loom
11:30 Feudal Age
12:15 Double-Bit Axe
15:18 Fletching
23:10 Castle Age
22:59 Gold Mining
23:46 Bodkin Arrow
24:00 Crossbowman
27:35 Padded Archer Armor
28:40 Ballistics
32:48 Thumb Ring
36:57 Horse Collar
38:34 Wheelbarrow
44:52 Imperial Age
42:54 Leather Archer Armor
43:55 Bow Saw
45:37 Bracer
47:55 Chemistry
46:30 Arbalester
[CL] Al3jandr0.magn00
5:53 Loom
9:50 Feudal Age
10:26 Double-Bit Axe
10:22 Horse Collar
22:35 Castle Age
21:50 Scale Barding Armor
23:45 Chain Barding Armor
24:25 Bow Saw
30:45 Wheelbarrow
32:18 Forging
34:27 Hand Cart
36:19 Iron Casting
41:02 Imperial Age
41:03 Chemistry
40:23 Pikeman
41:04 Squires
41:05 Scale Mail Armor
41:08 Cavalier
42:27 Chain Mail Armor
41:54 Halberdier
43:57 Plate Mail Armor
44:22 Conscription
44:03 Elite Skirmisher
45:45 Blast Furnace
44:35 Fletching
44:46 Padded Archer Armor
47:22 Bodkin Arrow
49:03 Two-Man Saw
48:03 Heavy Plow
49:23 Leather Archer Armor
49:09 Bracer
51:31 Houfnice
53:02 Siege Engineers
_13_Enzus_Arg
6:28 Loom
9:00 Feudal Age
9:49 Double-Bit Axe
16:12 Scale Barding Armor
17:07 Forging
18:25 Wheelbarrow
22:47 Castle Age
21:14 Horse Collar
22:28 Gold Mining
23:31 Bloodlines
24:00 Chain Barding Armor
25:28 Husbandry
30:50 Iron Casting
33:47 Bow Saw
44:40 Imperial Age
43:44 Hand Cart
43:39 Heavy Plow
44:26 Elite Skirmisher
44:58 Fletching
45:09 Padded Archer Armor
46:50 Bodkin Arrow
47:37 Bracer
47:56 Leather Archer Armor
48:42 Chemistry
48:03 Ballistics
50:07 Ring Archer Armor
49:49 Masonry
HR | Darkjosh89
0:36 Loom
11:29 Feudal Age
15:35 Castle Age
20:34 Scale Mail Armor
24:13 Double-Bit Axe
27:41 Horse Collar
41:17 Fletching
48:36 Bodkin Arrow
ELEG | Huitzilopochtli
6:18 Double-Bit Axe
7:37 Loom
9:55 Feudal Age
8:12 Horse Collar
15:02 Bow Saw
15:53 Scale Barding Armor
16:39 Forging
22:46 Castle Age
21:14 Gold Mining
21:37 Heavy Plow
22:46 Cavalier
28:13 Chain Barding Armor
33:11 Iron Casting
34:43 Two-Man Saw
36:38 Gold Shaft Mining
37:12 Wheelbarrow
39:57 Husbandry
41:17 Hand Cart
46:25 Imperial Age
46:37 Caravan
46:53 Paladin
51:43 Burgundian Vineyards
LicKawamas97
8:03 Loom
14:47 Feudal Age
16:14 Double-Bit Axe
20:10 Fletching
20:47 Padded Archer Armor
26:49 Castle Age
25:41 Gold Mining
25:49 Crossbowman
26:50 Bow Saw
26:54 Bodkin Arrow
36:06 Ballistics
38:49 Horse Collar
42:22 Imperial Age
40:26 Heavy Plow
41:38 Wheelbarrow
41:25 Arbalester
43:39 Chemistry
44:13 Bracer
45:58 Conscription
48:16 Leather Archer Armor
49:50 Elite Skirmisher
51:00 Treadmill Crane
赤いドラゴン
6:34 Loom
9:49 Feudal Age
10:25 Double-Bit Axe
10:27 Town Watch
16:12 Forging
26:41 Castle Age
25:18 Gold Mining
27:20 Scale Barding Armor
31:41 Iron Casting
31:49 Bow Saw
33:06 Domestication
34:26 Chain Barding Armor
35:59 Wheelbarrow
35:31 Light Cavalry
36:31 Squires
36:32 Scale Mail Armor
37:32 Chain Mail Armor
43:23 Imperial Age
41:21 Hand Cart
44:40 Plate Mail Armor
43:43 Elite Fire Lancer
47:44 Plate Barding Armor
47:07 Arson
48:31 Husbandry
51:01 Hussar
51:42 Pikeman
ELEG | Lucho
5:15 Loom
9:46 Feudal Age
10:43 Double-Bit Axe
13:27 Fletching
16:56 Horse Collar
22:56 Castle Age
21:17 Padded Archer Armor
23:19 Gold Mining
22:59 Crossbowman
24:13 Bodkin Arrow
26:49 Pikeman
32:58 Town Watch
34:52 Bloodlines
34:45 Husbandry
35:40 Ballistics
38:00 Scale Mail Armor
39:26 Thumb Ring
45:54 Wheelbarrow
46:32 Leather Archer Armor
48:57 Heavy Plow
52:49 Imperial Age
51:05 Hand Cart
52:02 Kasbah
Connection lost

Rejoining the realm…

Still unreachable

The connection could not be restored.

Session expired

The server has moved on; the page needs a fresh start.